[Event "Late-Titled-Tuesday-Blitz-September-12-2023"]
[Site "Chess.com"]
[Date "2023.09.12"]
[Round "3"]
[White "h4parah5"]
[Black "crazy_but_lazy"]
[Result "1-0"]
[WhiteElo "2943"]
[BlackElo "2642"]
[TimeControl "180+1"]
[EndTime "14:26:55 PDT"]
[Termination "h4parah5 won by resignation"]

1. Nf3 d5 2. b4 Nf6 3. Bb2 Bf5 4. e3 e6 5. a3 h6 6. c4 c6 7. Nc3 Nbd7 8. cxd5 cxd5 9. Rc1 Be7 10. Be2 O-O 11. O-O a5 12. Qb3 axb4 13. axb4 Qb6 14. Nb5 Ne4 15. Bd4 Qd8 16. Rc7 b6 17. Rfc1 Nd6 18.
Ne5 Nxe5 19. Bxe5 Nxb5 20. Bxb5 Bd6 21. Rd7 Bxe5 22. Rxd8 Rfxd8 23. h3 d4 24. Bc6 Rac8 25. b5 dxe3 26. dxe3 Bd6 27. Qb2 Bc5 28. Rxc5 bxc5 29.
Qc3 Rd1+ 30. Kh2 Rb1 31. e4 Bg6 32. f3 Rd8 33. Qxc5 Rb2 34. Kg3 Rdd2 35. Kf4 f6 36. e5 Bf5 37. exf6 g5+ 38. Ke5 Re2+ 39. Kd6 Rbd2+ 40. Ke7 1-0

[Event "Late-Titled-Tuesday-Blitz-September-12-2023"]
[Site "Chess.com"]
[Date "2023.09.12"]
[Round "3"]
[White "IMSlavin"]
[Black "Gentlejimmy7"]
[Result "1-0"]
[WhiteElo "2236"]
[BlackElo "2552"]
[TimeControl "180+1"]
[EndTime "14:26:55 PDT"]
[Termination "IMSlavin won by resignation"]

1. e4 c6 2. d4 d5 3. e5 c5 4. c4 cxd4 5. Qxd4 Nc6 6. Qxd5 Qxd5 7. cxd5 Nxe5 8. Bf4 Ng6 9. Bb5+ Bd7 10. Bxd7+ Kxd7 11. Bg3 Nf6 12. Nc3 h5 13. h3 h4 14. Bh2 Rh5 15. O-O-O Rd8 16. g4 hxg3 17. fxg3 Rc8 18. Kb1 Rf5 19.
g4 Rf2 20. Bg3 Rg2 21. Rd3 Rxc3 22. bxc3 Ne4 23. Be1 Nf4 24. Rf3 g5 25. Re3 Nd6 26. Nf3 Bg7 27. Nxg5 Nxd5 28. Rg3 Rxg3 29. Bxg3 Nxc3+ 30. Kc2 Nde4 31. Nxe4 Nxe4 32. Bf4 b5 33. h4 Nf6 34.
Be5 Ke6 35. Bxf6 Kxf6 36. Rf1+ Kg6 37. Rf5 e5 38. h5+ Kh6 39. Rxf7 a5 40. g5+ Kh7 41. h6 1-0

[Event "Late-Titled-Tuesday-Blitz-September-12-2023"]
[Site "Chess.com"]
[Date "2023.09.12"]
[Round "3"]
[White "chessprincesa1"]
[Black "HajiyevKanan"]
[Result "1-0"]
[WhiteElo "2274"]
[BlackElo "2504"]
[TimeControl "180+1"]
[EndTime "14:26:55 PDT"]
[Termination "chessprincesa1 won by checkmate"]

1. d4 Nf6 2. c4 e6 3. g3 d5 4.
Bg2 Bb4+ 5. Nd2 O-O 6. Nf3 Ne4 7. O-O f5 8. cxd5 exd5 9. Qb3 Bxd2 10. Nxd2 Kh8 11.
Nxe4 fxe4 12. Bf4 c6 13. a4 Qb6 14. Qxb6 axb6 15. b4 Bg4 16. f3 exf3 17. exf3 Bf5 18.
Rfe1 Na6 19. b5 Nb4 20. Re7 cxb5 21. Rxb7 bxa4 22. Rxb6 Nc2 23. Ra2 Nxd4 24. Be5 Ne6 25. g4 Ng5 26. gxf5 Rxf5 27. f4 Ne4 28. Bxe4 dxe4 29.
Rb7 h5 30. Bxg7+ Kh7 31. Be5+ Kh6 32. Kf2 a3 33. Ke3 Ra4 34. Rc2 h4 35. h3 Ra6 36.
Ba1 a2 37. Rcc7 Rxf4 38. Kxf4 Rf6+ 39. Bxf6 e3 40. Bg5+ Kh5 41. Rb6 a1=Q 42. Rh6# 1-0

[Event "Late-Titled-Tuesday-Blitz-September-12-2023"]
[Site "Chess.com"]
[Date "2023.09.12"]
[Round "3"]
[White "cassoulet"]
[Black "Polish_fighter3000"]
[Result "1-0"]
[WhiteElo "2780"]
[BlackElo "3074"]
[TimeControl "180+1"]
[EndTime "14:26:56 PDT"]
[Termination "cassoulet won on time"]

1. d4 Nf6 2. Bg5 h6 3. Bxf6 exf6 4. e4 d5 5. Nd2 dxe4 6. Nxe4 f5 7. Ng3 Bd6 8. Bd3 g6 9. Qd2 Nc6 10. Nf3 Qf6 11. O-O-O Kf8 12. c3 Kg7 13. Kb1 Rb8 14. Rhe1 b5 15. Bc2 Na5 16. Ne5 Nc4 17. Qe2 Be6 18. f4 a5 19. d5 Bc8 20. Nxc4 bxc4 21.
Qxc4 Kh7 22. Ne2 Rb6 23. g3 Ba6 24. Qd4 Qd8 25. c4 Bf8 26. Qc3 Bg7 27. Nd4 Qf6 28.
Re5 Rhb8 29. b3 a4 30. Rde1 axb3 31. axb3 Qd8 32. Nc6 Bxe5 33. Rxe5 Rxc6 34. dxc6 Qd6 35. Kb2 Qxc6 36. Re7 Bxc4 37. Rxf7+ 1-0

[Event "Late-Titled-Tuesday-Blitz-September-12-2023"]
[Site "Chess.com"]
[Date "2023.09.12"]
[Round "3"]
[White "Keaton87"]
[Black "jcibarra"]
[Result "0-1"]
[WhiteElo "2627"]
[BlackElo "2926"]
[TimeControl "180+1"]
[EndTime "14:26:56 PDT"]
[Termination "jcibarra won on time"]

1. e4 c5 2. Ke2 Nc6 3. c3 d5 4.
d3 Nf6 5. Nd2 h6 6. h3 g6 7. g3 Bg7 8. Bg2 O-O 9. Kf1 b6 10.
Ne2 Ba6 11. exd5 Nxd5 12. Nc4 Bxc4 13. dxc4 Ndb4 14. Be3 Qc7 15. cxb4 Rad8 16. Qa4 Nxb4 17. a3 Nd3 18. Qc6 Qe5 19. Nc3 Nxb2 20. Nd5 Nxc4 21.
Re1 Na5 22. Qb5 Rxd5 23. Bxh6 Qd6 24. Bxg7 Kxg7 25. Bxd5 Qxd5 26. Kg1 Nc4 27. Qb3 e6 28. Kh2 b5 29. Re2 a6 30. Rhe1 Rd8 31. h4 Qd4 32. Kg2 Nd2 33. Qe3 Qd5+ 34. f3 Nc4 35. Qc3+ Qd4 36. Qxd4+ cxd4 37. Kf2 Nxa3 38. Rb2 Nc4 39. Ra2 d3 40. Rd1 a5 41. f4 b4 42. Kf3 b3 43.
Raa1 b2 44. Ra4 b1=Q 45. Rxb1 Nd2+ 0-1

[Event "Late-Titled-Tuesday-Blitz-September-12-2023"]
[Site "Chess.com"]
[Date "2023.09.12"]
[Round "3"]
[White "zimmm36"]
[Black "lgsalazar94"]
[Result "0-1"]
[WhiteElo "2635"]
[BlackElo "2471"]
[TimeControl "180+1"]
[EndTime "14:26:56 PDT"]
[Termination "lgsalazar94 won by resignation"]

1. c3 Nf6 2. f3 d5 3. Qa4+ Nc6 4.
Qh4 e5 5. Kd1 Be7 6. Qe1 O-O 7.
g4 Nxg4 8. h4 Nh6 9. b4 Nf5 10.
Nh3 Bxh4 11. Nf2 d4 12. Kc2 dxc3 13. dxc3 Ng3 14. Rg1 Nxf1 15. Qxf1 Bf5+ 16. e4 Be6 17. Be3 Qf6 18. Ng4 Bxg4 19. Rxg4 h5 20. Rg1 Nd8 21. Nd2 Ne6 22. Qh3 Rad8 23. Rg2 Nf4 24. Bxf4 Qxf4 25.
Rag1 g6 26. Nc4 Bf6 27. Kb3 Bg7 28. a4 Rd3 29. Rf1 a6 30. Qg3 Qxg3 31. Rxg3 Rfd8 32. Na5 b6 33. Nc6 R8d7 34. Kc4 Rd1 35. Ne7+ Kf8 36. Rxd1 Rxd1 37. Nd5 Rh1 38. Nxc7 h4 39. Rg2 h3 40. Rd2 Bh6 41. Re2 Bf4 42. Nd5 g5 43. Nxf4 exf4 44. Kd5 b5 45. axb5 axb5 46. Kc6 g4 47. fxg4 f3 48. Rf2 h2 49. Kxb5 Ke7 50. c4 Ke6 51. c5 Ke5 52. c6 Kxe4 53. c7 Rc1 54. Rxh2 Rxc7 55. Rh6 f2 56. Rf6 Ke3 57. Kb6 Re7 58. Kc5 Ke2 0-1

[Event "Late-Titled-Tuesday-Blitz-September-12-2023"]
[Site "Chess.com"]
[Date "2023.09.12"]
[Round "3"]
[White "cukus"]
[Black "AleksandrAleksikov"]
[Result "1-0"]
[WhiteElo "2422"]
[BlackElo "2261"]
[TimeControl "180+1"]
[EndTime "14:26:56 PDT"]
[Termination "cukus won by checkmate"]

1. e4 c5 2. Nf3 d6 3. d4 cxd4 4. Nxd4 Nf6 5. Nc3 a6 6. Be3 Ng4 7. Bg5 h6 8. Bh4 g5 9. Bg3 Nc6 10. h3 Nf6 11. Qd2 e6 12. O-O-O Bd7 13. f3 Rc8 14. h4 g4 15. h5 Be7 16. Kb1 b5 17. Nxc6 Rxc6 18. e5 dxe5 19. Bxe5 b4 20. Ne4 Nxe4 21. fxe4 f6 22. Bf4 Bf8 23. Be2 e5 24.
Bxg4 Rd6 25. Qe2 exf4 26. e5 Rxd1+ 27. Rxd1 Rh7 28. exf6+ Kf7 29. Rxd7+ Qxd7 30. Bxd7 Kg8 31. Qe6+ Kh8 32. f7 f3 33. gxf3 Rg7 34. Qxh6+ Rh7 35. Qxf8# 1-0

[Event "Late-Titled-Tuesday-Blitz-September-12-2023"]
[Site "Chess.com"]
[Date "2023.09.12"]
[Round "3"]
[White "LastGladiator1"]
[Black "ameetghasi100"]
[Result "0-1"]
[WhiteElo "2933"]
[BlackElo "2695"]
[TimeControl "180+1"]
[EndTime "14:26:57 PDT"]
[Termination "ameetghasi100 won on time"]

1. d4 g6 2. h4 c5 3. d5 Nf6 4. Nc3 d6 5. e4 h5 6. a4 Bg7 7. Nf3 Bg4 8. Be2 Bxf3 9. Bxf3 Nbd7 10. O-O O-O 11. Be2 Ne5 12. g3 Qa5 13. Kg2 a6 14. Ra3 Qc7 15. Bg5 c4 16. a5 b5 17. axb6 Qxb6 18.
Qc1 Rfb8 19. Ra2 Rb7 20. Bh6 Bh8 21. Be3 Qc7 22. Bd4 Rab8 23. f4 Neg4 24. f5 Bg7 25. fxg6 fxg6 26. Qg5 Kh7 27. Bxg4 Nxg4 28. Rf7 Rg8 29.
Rxa6 Rxb2 30. Rc6 Rxc2+ 31. Kf3 Qd7 32. e5 Rf8 33. e6 Qe8 0-1

[Event "Late-Titled-Tuesday-Blitz-September-12-2023"]
[Site "Chess.com"]
[Date "2023.09.12"]
[Round "3"]
[White "Boninknights"]
[Black "Artyom_ChessMate"]
[Result "0-1"]
[WhiteElo "2295"]
[BlackElo "2557"]
[TimeControl "180+1"]
[EndTime "14:26:57 PDT"]
[Termination "Artyom_ChessMate won on time"]

1. d4 Nf6 2. Nf3 d5 3. c4 e6 4. Nc3 c5 5. cxd5 Nxd5 6. e4 Nxc3 7. bxc3 cxd4 8. cxd4 Bb4+ 9. Bd2 Bxd2+ 10. Qxd2 O-O 11.
Bc4 Nd7 12. O-O b6 13. Rfe1 Bb7 14. Rad1 Rc8 15. Bd3 Re8 16. d5 exd5 17. e5 Nf8 18. Nd4 g6 19. f4 a6 20. f5 b5 21. Qh6 Qb6 22. Bb1 Rc4 23. Qe3 gxf5 24. Bxf5 Ng6 25. e6 fxe6 26. Bxe6+ Kg7 27. h4 Rxd4 28. Qxd4+ Qxd4+ 29.
Rxd4 Nf8 30. Rg4+ Kh6 31. Re5 Rxe6 32. Rxe6+ Nxe6 33. Rg8 d4 34. g4 d3 35. Kf2 Bd5 36. Ke3 Bc4 37. Ra8 b4 38. Rb8 a5 39. Ra8 Bxa2 40. Rxa5 Bc4 41. Ra4 Nd4 0-1

[Event "Late-Titled-Tuesday-Blitz-September-12-2023"]
[Site "Chess.com"]
[Date "2023.09.12"]
[Round "3"]
[White "RETURNOFTHELAGGER"]
[Black "MusicCityMaster"]
[Result "1-0"]
[WhiteElo "2583"]
[BlackElo "2371"]
[TimeControl "180+1"]
[EndTime "14:26:58 PDT"]
[Termination "RETURNOFTHELAGGER won on time"]

1. d4 Nf6 2. Nf3 g6 3. g3 Bg7 4. Bg2 d6 5. O-O O-O 6. c4 Nbd7 7.
Qc2 e5 8. d5 a5 9. e4 Nc5 10. Re1 a4 11. Nc3 Bd7 12. h3 Nh5 13. Be3 b6 14. b4 axb3 15. axb3 Rxa1 16. Rxa1 f5 17. b4 Nxe4 18. Nxe4 fxe4 19. Qxe4 Bf5 20. Qh4 Bf6 21. Bg5 Bd3 22. Rc1 e4 23. Bxf6 Qxf6 24. Qxf6 Rxf6 25. Nd4 e3 26. fxe3 Nxg3 27. c5 bxc5 28.
bxc5 Be4 29. Bxe4 Nxe4 30. c6 Ng5 31. Ra1 Nf3+ 32. Nxf3 Rxf3 33. Ra7 Rf7 34. Kg2 Kg7 35.
Kg3 Kf6 36. Kf4 g5+ 37. Ke4 Re7+ 38. Kd4 Kf5 39. Ra8 Re4+ 40. Kd3 Re7 41. Kd4 Re4+ 42. Kd3 Re7 43. Rd8 Ke5 44. e4 h5 45. Rf8 1-0

[Event "Late-Titled-Tuesday-Blitz-September-12-2023"]
[Site "Chess.com"]
[Date "2023.09.12"]
[Round "3"]
[White "maksimys18"]
[Black "Beca95"]
[Result "1/2-1/2"]
[WhiteElo "2501"]
[BlackElo "2945"]
[TimeControl "180+1"]
[EndTime "14:26:59 PDT"]
[Termination "Game drawn by stalemate"]

1. d4 Nf6 2. Nf3 e6 3. c4 c5 4.
d5 d6 5. Nc3 exd5 6. cxd5 g6 7.
Bg5 h6 8. Bh4 g5 9. Bg3 Nh5 10.
e3 Nxg3 11. hxg3 Bg7 12. Be2 O-O 13. O-O Nd7 14. Qc2 f5 15. Nd2 Qe7 16. g4 Ne5 17. f4 gxf4 18. exf4 Nxg4 19. Bxg4 fxg4 20. g3 Bf5 21. Qd1 Qe3+ 22. Kg2 Qd3 23. Nb3 Bxc3 24. bxc3 Qxc3 25. Rc1 Qf6 26. Re1 Rae8 27. Qd2 b6 28. Re3 Rxe3 29. Qxe3 Bg6 30. Qe2 h5 31. Qe6+ Qxe6 32.
dxe6 Re8 33. Re1 Bf5 34. Nd2 Bxe6 35. Kf2 d5 36. a3 Bf7 37. Rd1 d4 38. f5 Kg7 39.
Nb1 Kf6 40. Nd2 Kxf5 41. a4 Bd5 42. a5 b5 43. a6 c4 44. Nb1 d3 45. Nc3 Bc6 46.
Ra1 b4 47. Ra5+ Re5 48. Rxe5+ Kxe5 49. Nd1 Kd4 50. Ne3 Be4 51. Nf1 c3 52. Ke1 b3 53.
Kd1 b2 54. Nd2 Bf3+ 55. Ke1 c2 56. Kf2 c1=Q 57. Nb3+ Kc3 58. Nxc1 bxc1=Q 1/2-1/2

[Event "Late-Titled-Tuesday-Blitz-September-12-2023"]
[Site "Chess.com"]
[Date "2023.09.12"]
[Round "3"]
[White "SCIM"]
[Black "Chessdude1987"]
[Result "1-0"]
[WhiteElo "2594"]
[BlackElo "2422"]
[TimeControl "180+1"]
[EndTime "14:26:59 PDT"]
[Termination "SCIM won by checkmate"]

1. d4 e6 2. c4 f5 3. Nf3 Nf6 4. g3 Be7 5. Bg2 O-O 6. O-O d6 7. Nc3 Ne4 8. Qc2 Nxc3 9. bxc3 Nc6 10. e4 e5 11. dxe5 dxe5 12. exf5 Bxf5 13. Qb3 Be4 14.
Rd1 Qc8 15. Ne1 Bxg2 16. Nxg2 Na5 17. Qb5 b6 18. Qxe5 Bc5 19. Be3 Bd6 20. Qd5+ Kh8 21.
c5 Rf5 22. cxd6 Rxd5 23. Rxd5 cxd6 24. Rxd6 Nc4 25. Rd3 Ne5 26. Rd5 Nf3+ 27. Kf1 Qxc3 28. Rad1 h6 29. Nf4 Qc4+ 30. Kg2 Ng5 31. h4 Qe4+ 32.
Kf1 Ne6 33. Nxe6 Qxe6 34. Rd7 Qxa2 35. Bd4 Qc4+ 36. Kg1 Rg8 37. Re1 Kh7 38. Ree7 Kg6 39. g4 Qc1+ 40. Kg2 Qc6+ 41. Kh2 h5 42. Rxg7+ Rxg7 43.
Rxg7+ Kh6 44. g5# 1-0

[Event "Late-Titled-Tuesday-Blitz-September-12-2023"]
[Site "Chess.com"]
[Date "2023.09.12"]
[Round "3"]
[White "KIEV-1"]
[Black "Giantgoogachess"]
[Result "0-1"]
[WhiteElo "2185"]
[BlackElo "2372"]
[TimeControl "180+1"]
[EndTime "14:26:59 PDT"]
[Termination "Giantgoogachess won by resignation"]

1. e4 c5 2. Nf3 Nc6 3. d4 cxd4 4.
Nxd4 Nf6 5. Nc3 e6 6. a3 Be7 7.
Be3 d6 8. Be2 O-O 9. Qd2 e5 10.
Nxc6 bxc6 11. O-O Ng4 12. Bxg4 Bxg4 13. h3 Be6 14. Rfd1 Qc7 15. f4 f6 16. f5 Bf7 17.
g4 Rfd8 18. Qg2 Qb7 19. Rab1 d5 20. Ne2 d4 21. Bd2 c5 22. h4 c4 23. Ng3 Qc7 24.
g5 c3 25. gxf6 cxd2 26. fxe7 Qxe7 27. Rxd2 Qxh4 28. Rf1 Qf6 29. Qh3 Rac8 30. Rg2 d3 31. c3 d2 32. Rd1 Qb6+ 33. Kh2 Qxb2 34. Nf1 Qxc3 35. Qg4 g6 36. fxg6 hxg6 37. Rdxd2 Rxd2 38. Nxd2 Kg7 39. Nf3 Rh8+ 40. Kg1 Qe3+ 41. Kf1 Rd8 42. Nxe5 Bc4+ 43. Re2 Rd1+ 0-1

[Event "Late-Titled-Tuesday-Blitz-September-12-2023"]
[Site "Chess.com"]
[Date "2023.09.12"]
[Round "3"]
[White "MathiasWomacka"]
[Black "German_Bazeev"]
[Result "1-0"]
[WhiteElo "2500"]
[BlackElo "2787"]
[TimeControl "180+1"]
[EndTime "14:27:00 PDT"]
[Termination "MathiasWomacka won by resignation"]

1. e4 c5 2. Nf3 Nf6 3. Nc3 Nc6 4. d4 d5 5. exd5 Nxd5 6. Nxd5 Qxd5 7. Be3 cxd4 8. Nxd4 a6 9. Nb3 Qxd1+ 10. Rxd1 Bf5 11. Bd3 Bxd3 12. Rxd3 Rd8 13. Rxd8+ Kxd8 14. Ke2 Kc7 15. Rd1 e5 16. Nc5 Bxc5 17. Bxc5 Re8 18.
g4 b6 19. Bd6+ Kc8 20. c3 Re6 21. Ke3 Rh6 22. Bf8 Rh3+ 23. f3 Rxh2 24. b4 Rxa2 25. Bxg7 b5 26. Rh1 Rc2 27. Kd3 Rf2 28. Ke3 Rb2 29.
Rxh7 Kd7 30. Rh6 Rb3 31. Kd2 Rb2+ 32. Kd3 Rf2 33. Ke3 Rf1 34. Rf6 Rc1 35. Rxf7+ Ke6 36. Rf6+ Kd5 37. Kd2 Rg1 38. Bf8 Nb8 39. Bc5 Kc4 40.
Bxg1 1-0

[Event "Late-Titled-Tuesday-Blitz-September-12-2023"]
[Site "Chess.com"]
[Date "2023.09.12"]
[Round "3"]
[White "rdarruda"]
[Black "Rinqed222"]
[Result "1/2-1/2"]
[WhiteElo "2510"]
[BlackElo "2248"]
[TimeControl "180+1"]
[EndTime "14:27:01 PDT"]
[Termination "Game drawn - insufficient material"]

1. d4 Nf6 2. Nf3 g6 3. Nc3 d5 4. Bg5 Bg7 5. Bxf6 Bxf6 6. e4 dxe4 7.
Nxe4 Bg7 8. Bc4 O-O 9. O-O c6 10. Qe2 Nd7 11. Rad1 Nb6 12. Bb3 Nd5 13. Rfe1 Bg4 14. h3 Bxf3 15. Qxf3 b6 16. h4 Rc8 17.
h5 Nf6 18. hxg6 hxg6 19. Ng5 Bh6 20. Qg3 Kg7 21. Ne4 Nxe4 22. Rxe4 Qd6 23. Qxd6 exd6 24. Re7 a5 25. Rde1 Bg5 26. Rb7 b5 27. a3 Bf6 28. c3 Rb8 29. Rc7 Rbc8 30. Ra7 Ra8 31. Rxa8 Rxa8 32. Rd1 d5 33. Re1 Kf8 34. g3 Re8 35.
Rxe8+ Kxe8 36. Kg2 Kd7 37. Kf1 Kd6 38. Bc2 c5 39.
dxc5+ Kxc5 40. Ke2 d4 41. Kd3 dxc3 42. bxc3 b4 43.
axb4+ axb4 44. cxb4+ Kxb4 45. Ke4 Bg7 46. Kd5 Kc3 47.
Ba4 Kd2 48. Be8 Ke2 49. f4 Kf3 50. Bxf7 Kxg3 51. Ke4 Bh6 52. Bxg6 Bxf4 1/2-1/2

[Event "Late-Titled-Tuesday-Blitz-September-12-2023"]
[Site "Chess.com"]
[Date "2023.09.12"]
[Round "3"]
[White "Veleamater"]
[Black "guillembaches"]
[Result "1-0"]
[WhiteElo "2325"]
[BlackElo "2521"]
[TimeControl "180+1"]
[EndTime "14:27:02 PDT"]
[Termination "Veleamater won on time"]

1. g3 e5 2. Bg2 Nf6 3. d3 d5 4. Nf3 Bd6 5. O-O c6 6. Nc3 O-O 7. e4 Re8 8. h3 h6 9. Nd2 Be6 10. f4 exf4 11. gxf4 dxe4 12. dxe4 Bc5+ 13. Kh2 Qc7 14.
e5 Nd5 15. Nde4 Bf8 16. Qf3 Nd7 17. Nxd5 Bxd5 18. Qg4 Kh8 19. b3 Nc5 20. Ng3 Bxg2 21. Kxg2 Rad8 22. Be3 Qd7 23. Rf2 Qd5+ 24. Qf3 Qxf3+ 25.
Kxf3 b6 26. Rg1 Ne6 27. Nf5 g6 28.
Ng3 Nd4+ 29. Kg2 Bc5 30. Rgf1 Ne6 31. Bxc5 Nxc5 32. f5 Rxe5 33. fxg6 fxg6 34. Rf8+ Rxf8 35. Rxf8+ Kg7 36. Ra8 Re7 37. Kf3 Ne6 38. c3 Ng5+ 39.
Kg2 Kf6 40. h4 Ne4 41. Nxe4+ Rxe4 42. Rxa7 Rxh4 43. Ra6 Ke6 44. Rxb6 Kd5 45. a4 Kc5 46. a5 Re4 47. b4+ Kd6 48. a6 Re2+ 49. Kf3 Rc2 50. b5 Rxc3+ 51. Ke4 Kc7 52. Rb7+ Kc8 53. b6 Ra3 54. Rc7+ Kd8 55. a7 1-0

[Event "Late-Titled-Tuesday-Blitz-September-12-2023"]
[Site "Chess.com"]
[Date "2023.09.12"]
[Round "3"]
[White "Rutricks"]
[Black "vugarrasulov"]
[Result "0-1"]
[WhiteElo "2685"]
[BlackElo "2956"]
[TimeControl "180+1"]
[EndTime "14:27:04 PDT"]
[Termination "vugarrasulov won by resignation"]

1. c4 g6 2. g3 Bg7 3. Bg2 c5 4. Nc3 Nc6 5. e3 Nh6 6. Nge2 Nf5 7. h3 O-O 8. a3 b6 9. Rb1 Bb7 10. b4 d6 11. Bb2 Qd7 12. Qa4 Rfd8 13. O-O Ne5 14.
Qb3 Nf3+ 15. Bxf3 Bxf3 16. Kh2 h5 17. Ng1 Bb7 18. Nd5 e5 19. e4 Nd4 20. Bxd4 cxd4 21. d3 Rac8 22. Nf3 Bxd5 23. exd5 Bh6 24. Rbe1 Kg7 25.
Qc2 f6 26. Kg2 b5 27. Qb3 bxc4 28. dxc4 Qc7 29. c5 dxc5 30. bxc5 Qxc5 31. g4 Qxd5 32. Qa4 Rc7 33. gxh5 e4 34. Nh2 gxh5 35. f3 e3 36. Rg1 Kh8 37. Kh1 d3 38. Qh4 Rf7 39. Ng4 Qxf3+ 40. Rg2 d2 41. Nxh6 dxe1=Q+ 42. Qxe1 Rg7 0-1

[Event "Late-Titled-Tuesday-Blitz-September-12-2023"]
[Site "Chess.com"]
[Date "2023.09.12"]
[Round "3"]
[White "CURRUTACO59"]
[Black "Langua_Chess"]
[Result "0-1"]
[WhiteElo "2282"]
[BlackElo "2481"]
[TimeControl "180+1"]
[EndTime "14:27:04 PDT"]
[Termination "Langua_Chess won on time"]

1. Nf3 Nf6 2. d4 d5 3. c4 c6 4.
e3 Bf5 5. Nc3 e6 6. Bd3 Bg6 7.
O-O Nbd7 8. Qe2 Bxd3 9. Qxd3 dxc4 10. Qxc4 Bd6 11. Qe2 O-O 12. b3 e5 13. dxe5 Nxe5 14. Nxe5 Bxe5 15. Bb2 Qa5 16. Rac1 Rad8 17. a3 Rfe8 18. b4 Qc7 19. h3 Qe7 20. Rfd1 Bc7 21.
Na4 Bb8 22. Nc5 Qc7 23. g3 Qe7 24. Qf3 Nd5 25. e4 Nb6 26. Qg4 f6 27. Rxd8 Rxd8 28. Rd1 Rxd1+ 29. Qxd1 h6 30. Kg2 Be5 31. Bxe5 Qxe5 32.
Qb3+ Kh7 33. Qf7 Nc8 34. Qxb7 Nd6 35. Qxc6 Nc4 0-1

[Event "Late-Titled-Tuesday-Blitz-September-12-2023"]
[Site "Chess.com"]
[Date "2023.09.12"]
[Round "3"]
[White "chess94cu"]
[Black "Casper"]
[Result "1-0"]
[WhiteElo "2679"]
[BlackElo "2465"]
[TimeControl "180+1"]
[EndTime "14:27:05 PDT"]
[Termination "chess94cu won on time"]

1. Nf3 Nf6 2. c4 d6 3. d4 g6 4.
Nc3 Bg7 5. e4 O-O 6. Be2 e5 7. O-O exd4 8. Nxd4 Nc6 9. Nxc6 bxc6 10. Be3 Re8 11. Qc2 Ng4 12. Bxg4 Bxg4 13. f3 Be6 14. b3 f5 15. Rad1 fxe4 16. fxe4 Qh4 17.
Bd4 Bxd4+ 18. Rxd4 Rf8 19. Rdd1 Qg5 20. Rxf8+ Rxf8 21.
Qd2 Qg4 22. Qe3 c5 23. e5 Bd7 24. exd6 Bc6 25. Qg3 Qxg3 26. hxg3 cxd6 27. Rxd6 Rc8 28. Nd5 Kf7 29. g4 Bxd5 30. Rxd5 Ke6 31. g5 a5 32. Kh2 Rc7 33. Kg3 Rc8 34. Kf4 Rc7 35. Ke4 Rc8 36.
g3 Rc7 37. Rd8 Ra7 38. Rf8 1-0

[Event "Late-Titled-Tuesday-Blitz-September-12-2023"]
[Site "Chess.com"]
[Date "2023.09.12"]
[Round "3"]
[White "ChristopherYoo"]
[Black "Ali_rastbod"]
[Result "1-0"]
[WhiteElo "3012"]
[BlackElo "2703"]
[TimeControl "180+1"]
[EndTime "14:27:06 PDT"]
[Termination "ChristopherYoo won by resignation"]

1. c4 e5 2. g3 c6 3. Nf3 e4 4.
Nd4 Nf6 5. Bg2 Qb6 6. Nb3 a5 7. d4 a4 8. c5 Qb4+ 9. Bd2 Qc4 10. Qc1 Qxc1+ 11. Nxc1 d5 12. cxd6 Bxd6 13. Bg5 O-O 14. Bxf6 gxf6 15. Bxe4 Re8 16. Bf3 Bh3 17. Nd3 Nd7 18.
Nc3 a3 19. b3 Nb6 20. O-O-O f5 21. Nf4 Bg4 22. Bxg4 fxg4 23. h3 Nd5 24. Ncxd5 cxd5 25. Kd2 gxh3 26. Rxh3 Bb4+ 27. Kd3 Red8 28. Rh5 Ra5 29. Rdh1 Bf8 30. Rxh7 Bg7 31. R7h5 Rb5 32. Rg5 Rd6 33.
Rhh5 Rb4 34. e3 Rc6 35. Nxd5 Rxb3+ 36. axb3 a2 37. Rh1 Rh6 38. Ra1 1-0

[Event "Late-Titled-Tuesday-Blitz-September-12-2023"]
[Site "Chess.com"]
[Date "2023.09.12"]
[Round "3"]
[White "aNaartjieZA"]
[Black "Roberz12"]
[Result "1-0"]
[WhiteElo "2625"]
[BlackElo "2428"]
[TimeControl "180+1"]
[EndTime "14:27:06 PDT"]
[Termination "aNaartjieZA won by resignation"]

1. e4 e6 2. d3 d5 3. Nd2 c5 4. Ngf3 Nc6 5. g3 g6 6. Bg2 Bg7 7. O-O Nge7 8. Re1 dxe4 9. Nxe4 b6 10. a4 O-O 11. h4 Bb7 12. h5 h6 13. hxg6 Nxg6 14.
Nh2 Rb8 15. Qh5 Nce5 16. Bxh6 Bxe4 17. Bxe4 f5 18. Bg2 Bxh6 19. Qxh6 Qf6 20. f4 Nf7 21. Qh5 Kg7 22. Qf3 Rh8 23. c3 e5 24. fxe5 Nfxe5 25.
Qe2 Qg5 26. Nf3 Qxg3 27. Nxe5 Nf4 28. Qf3 Qh2+ 29. Kf1 Nh5 30. Nc6 Ng3+ 31. Kf2 Rh3 32. Re7+ Kf6 33. Qd5 Ne4+ 34. dxe4 Qg3+ 35. Kf1 Qf4+ 36.
Ke1 Re3+ 37. Kd1 Qg4+ 38. Kc2 Qxg2+ 39. Kb3 Qxe4 40. Rxe4 Rxe4 41. Nxb8 1-0

[Event "Late-Titled-Tuesday-Blitz-September-12-2023"]
[Site "Chess.com"]
[Date "2023.09.12"]
[Round "3"]
[White "Mikhal867"]
[Black "Maxfan2008"]
[Result "1-0"]
[WhiteElo "2438"]
[BlackElo "2569"]
[TimeControl "180+1"]
[EndTime "14:27:07 PDT"]
[Termination "Mikhal867 won by checkmate"]

1. d4 Nf6 2. c4 Nc6 3. d5 Ne5 4. b3 e6 5. dxe6 fxe6 6. Qc2 b6 7.
Nf3 Ng6 8. Bb2 Bb7 9. Nbd2 Be7 10. h4 O-O 11. h5 Nf4 12. h6 Ng6 13. e3 d6 14. Bd3 Qe8 15. hxg7 Kxg7 16. Ng5 Rh8 17. Nxe6+ Kf7 18. Nxc7 Qc6 19. Nxa8 Ne5 20. Bxh7 Bxa8 21. Bxe5 dxe5 22. Qg6+ Kf8 23. Qh6+ Ke8 24. Bg6+ Kd7 25.
Bf5+ Kc7 26. Qxh8 Qxg2 27. O-O-O Qxf2 28. Qxa8 Ba3+ 29. Kb1 Qxf5+ 30. e4 Nxe4 31. Qxe4 Qg5 32. Rh7+ Kd6 33. Nf3+ Kc5 34. Nxg5 Kb4 35. Rxa7 Kc3 36.
Qc2+ Kb4 37. Ne4 b5 38. c5 Bc1 39. Ra8 Bd2 40. c6 Bc1 41. c7 Bd2 42. c8=N Bc1 43. Nb6 Bd2 44. Nd5# 1-0

[Event "Late-Titled-Tuesday-Blitz-September-12-2023"]
[Site "Chess.com"]
[Date "2023.09.12"]
[Round "3"]
[White "Nick12772"]
[Black "The_Princess_Moon"]
[Result "0-1"]
[WhiteElo "2405"]
[BlackElo "2273"]
[TimeControl "180+1"]
[EndTime "14:27:08 PDT"]
[Termination "The_Princess_Moon won by resignation"]

1. Nf3 c5 2. g3 Nf6 3. Bg2 Nc6 4. O-O g6 5. d4 cxd4 6. Nxd4 Nxd4 7. Qxd4 Bg7 8. c4 O-O 9. Nc3 d6 10. b3 Be6 11.
Bb2 Nd7 12. Qd2 Rb8 13. Nd5 Bxb2 14. Qxb2 a6 15. h4 b5 16. cxb5 Rxb5 17. Rfd1 Bxd5 18. Bxd5 Qb6 19. h5 Nf6 20. h6 e5 21. Bc4 Rc5 22. Qd2 d5 23. Bd3 Rfc8 24. Qg5 e4 25. Bb1 d4 26. Qf4 Rf5 27. Qd2 e3 28. Qxd4 exf2+ 29. Kf1 Qxd4 30. Bxf5 Qc5 31. Bxc8 Qxc8 32. Kxf2 Ng4+ 33. Kg1 Nxh6 34. Rd3 Qc5+ 35. Kg2 Nf5 36. Rf1 Ne3+ 37. Rxe3 Qxe3 38. Rf2 f5 39. Kg1 Qe4 40. Kf1 Qb1+ 41. Kg2 Qxa2 42. e4 Qxb3 43. exf5 Qd5+ 44. Kh3 gxf5 45. Rf4 a5 46. Kh4 Kg7 47.
Kg5 a4 48. Rxf5 Qxf5+ 49. Kxf5 a3 0-1

[Event "Late-Titled-Tuesday-Blitz-September-12-2023"]
[Site "Chess.com"]
[Date "2023.09.12"]
[Round "3"]
[White "ChEsper99"]
[Black "SergioMoralesG"]
[Result "0-1"]
[WhiteElo "2227"]
[BlackElo "2408"]
[TimeControl "180+1"]
[EndTime "14:27:09 PDT"]
[Termination "SergioMoralesG won on time"]

1. e4 c5 2. Nf3 e6 3. c3 Nf6 4. e5 Nd5 5. d4 cxd4 6. cxd4 d6 7.
Bc4 Nc6 8. O-O Be7 9. Qe2 O-O 10. Rd1 Na5 11. Bd3 Nb4 12. Nc3 Nxd3 13. Rxd3 Bd7 14.
d5 Nc4 15. exd6 Nxd6 16. Bf4 Qb6 17. Ne5 Bb5 18. Nxb5 Qxb5 19. a4 Qb4 20. dxe6 Qxf4 21. exf7+ Nxf7 22. Nd7 Rfe8 23. Re3 Qg5 24. Re1 Rac8 25. h3 Rc7 26. Rxe7 Rxe7 27. Qxe7 Qxe7 28. Rxe7 Rc1+ 29. Kh2 Nd6 30. Ne5 Kf8 31. Rd7 Ne4 32. Rxb7 Rc2 33. Rxa7 Nxf2 34. Rf7+ Ke8 35. Rxg7 Ne4 36.
Rxh7 Rxb2 0-1